AoeStats
← K-TO

Nomad

509255947Analyzed
3v3 RM · 5d ago on Sep 26, 2026· 42m 50s· 6 players
Game mode
Random Map
Map size
210×210
Population
200
Speed
Normal
Resources
Standard
Victory
Conquest
Starting age
Dark Age
Ending age
Imperial Age
RankedLock teamsTeams togetherTeam positionsShared explorationLock speedFull tech treeHidden civsTurbo modeCheats
Victory
Defeat
🇦🇷 Aztecs · Argentina
1389
+13
🇦🇷 Danes · Argentina
1365
+14
🇺🇾 Portuguese · Uruguay
1208
+20
🇨🇴 Vietnamese · Colombia
1331
-16
🇨🇴 Persians · Colombia
1318
-16
🇨🇴 Spanish · Colombia
1289
-15
Rammanuyan
3:59 Loom
13:17 Feudal Age
15:10 Double-Bit Axe
18:35 Fletching
18:59 Town Watch
19:50 Wheelbarrow
22:40 Castle Age
20:36 Horse Collar
23:37 Bodkin Arrow
23:40 Gold Mining
25:00 Medium Warships
27:20 Scale Barding Armor
28:44 Chain Barding Armor
31:27 Husbandry
32:36 Forging
34:19 Iron Casting
35:32 Stone Mining
35:58 Bloodlines
37:12 Padded Archer Armor
37:57 Heavy Plow
39:06 Leather Archer Armor
41:12 Bow Saw
K-TO
4:51 Loom
5:06 Loom
15:32 Feudal Age
16:35 Town Watch
19:44 Wheelbarrow
25:12 Castle Age
32:09 Bloodlines
31:59 Husbandry
34:42 Scale Barding Armor
34:47 Forging
35:05 Forging
39:04 Iron Casting
39:47 Chain Barding Armor
40:38 Fletching
40:48 Padded Archer Armor
42:29 Murder Holes
sT_K'cifer!
4:18 Loom
14:22 Feudal Age
28:22 Castle Age
Pipo
3:02 Loom
15:40 Feudal Age
20:54 Castle Age
21:40 Fletching
31:40 Bodkin Arrow
34:28 Gold Mining
40:13 Double-Bit Axe
TEN PIEDAD
3:54 Loom
15:04 Feudal Age
15:38 Double-Bit Axe
15:35 Horse Collar
18:05 Forging
19:30 Scale Mail Armor
19:52 Arson
26:25 Castle Age
25:15 Gold Mining
27:22 Chain Mail Armor
26:28 Eagle Warrior
27:09 Squires
31:06 Wheelbarrow
30:17 Town Watch
39:44 Imperial Age
37:01 Pikeman
38:18 Iron Casting
39:55 Elite Eagle Warrior
41:19 Plate Mail Armor
42:07 Garland Wars
43:20 Blast Furnace
43:11 Bow Saw
43:37 Gold Shaft Mining
XEVER | JoKeR
7:30 Loom
14:53 Feudal Age
16:47 Double-Bit Axe
17:03 Gold Mining
19:24 Castle Age
17:21 Fishing Lines
17:49 Horse Collar
18:51 Fletching
20:11 Bodkin Arrow
20:54 Bow Saw
22:54 Gold Shaft Mining
23:00 Heavy Plow
27:47 Gillnets
31:00 Stone Mining
32:37 Wheelbarrow
32:09 Pikeman
33:11 Forging
36:05 Hand Cart
39:10 Imperial Age
37:18 Town Watch
37:03 Hamask
37:47 Squires
40:22 Conscription
39:24 Halberdier
40:52 Elite Varangian Guard
41:45 Scale Mail Armor
42:59 Iron Casting
Connection lost

Rejoining the realm…

Still unreachable

The connection could not be restored.

Session expired

The server has moved on; the page needs a fresh start.